 Dungeon Crawl Stone Soup version 0.27-a0-1137-g3ef0f4ec91 (webtiles) character file.

Game seed: 8970017853451354766

14 kae the Skirmisher (level 2, 24/24 HPs)
             Began as a Demonspawn Abyssal Knight on May 6, 2021.
             Was a Follower of Lugonu.
             Quit the game on level 1 of the Dungeon.
             The game lasted 00:00:23 (641 turns).

kae the Skirmisher (Demonspawn Abyssal Knight)       Turns: 641, Time: 00:00:23

Health: 24/24      AC:  3    Str: 10    XL:     2   Next: 31%
Magic:  4/4        EV: 11    Int: 13    God:    Lugonu [*.....]
Gold:   46         SH:  0    Dex: 12    Spells: 1/1 levels left

rFire    . . .     SeeInvis .   a - +1 falchion
rCold    . . .     Faith    .   (no shield)
rNeg     . . .     Spirit   .   b - +0 leather armour
rPois    .         Reflect  .   (no helmet)
rElec    .         Harm     .   (no cloak)
rCorr    .         Rampage  .   (no gloves)
Will     .....                  (no boots)
Stlth    +.........             (no amulet)
HPRegen  0.08/turn              (no ring)
MPRegen  0.09/turn              (no ring)

@: no status effects
A: foul stench 1, weak 1
a: Renounce Religion, Depart the Abyss


You were on level 1 of the Dungeon.
You worshipped Lugonu.
Lugonu was aware of your devotion.
You visited 1 branch of the dungeon, and saw 1 of its levels.
You visited the Abyss 1 time.

You collected 46 gold pieces.

Inventory:

Hand Weapons
 a - a +1 falchion (weapon)
Armour
 b - a +0 leather armour (worn)
Scrolls
 d - a scroll of noise {unknown}
Potions
 c - a potion of curing {unknown}


   Skills:
 + Level 3.1 Fighting
 + Level 2.0 Long Blades
 + Level 2.0 Armour
 + Level 1.2 Dodging
 + Level 2.7 Invocations


You had one spell level left.
You didn't know any spells.
Your spell library was empty.

Dungeon Overview and Level Annotations

Branches:
Dungeon (1/15)

Altars:


Innate Abilities, Weirdness & Mutations

You may rarely emit foul miasma when damaged in melee.
You are weak. (Str -2)


Message History

You kill the jackal!
Lugonu accepts your kill.
You see here a jackal corpse.
Things that are here:
a +0 whip; 2 stones; a rat corpse
Things that are here:
a +0 club; a goblin corpse You start resting.
HP restored.
Okay, then.
Things that are here:
a +0 whip; 2 stones; a rat skeleton You see here a jackal corpse.
Found a stone staircase leading down.
A goblin comes into view. It is wielding a +0 dagger.
The goblin shouts!
A frilled lizard comes into view.
There are monsters nearby!
There are monsters nearby!
The frilled lizard hisses angrily.
There are monsters nearby!
You hit the frilled lizard.
You kill the frilled lizard!
Lugonu accepts your kill.
You can now depart the Abyss.
You hit the goblin.
You kill the goblin!
Lugonu accepts your kill.
Things that are here:
a +0 dagger; a frilled lizard corpse No target in view!
No target in view!
You now have 32 gold pieces (gained 12).
Found 24 stones.
No target in view!
No target in view!
You see here 24 stones.
You now have 46 gold pieces (gained 14).
A hobgoblin comes into view.
The hobgoblin shouts!
You hear a shout!
Are you sure you want to abandon this character and quit the game? (Confirm with "yes".)

##### # #...# #
#.#.# #
#.#.########
###.#........#
....########.######
##### #....@.# #
######.# # .# # .#
# g# # .# # .# # ..
#


You could see a hobgoblin.

Vanquished Creatures
  A dart slug (D:1)
  2 bats (D:1)
  An endoplasm (D:1)
  2 goblins (D:1)
  2 jackals (D:1)
  A frilled lizard (D:1)
  A kobold (D:1)
  A rat (D:1)
11 creatures vanquished.

Notes
Turn   | Place    | Note
-------+----------+-------------------------------------------
     0 | Abyss:1  | kae the Demonspawn Abyssal Knight began the quest for the
                  | Orb.
     0 | Abyss:1  | Reached XP level 1. HP: 18/18 MP: 2/2
    26 | Abyss:1  | Found a corrupted altar of Lugonu.
   109 | Abyss:1  | Noticed a tentacled starspawn
   114 | Abyss:1  | Noticed a cacodemon
   115 | Abyss:1  | Gained mutation: You are weak. (Str -2) [a cacodemon]
   117 | D:1      | Escaped the Abyss
   229 | D:1      | Reached skill level 1 in Dodging
   251 | D:1      | Gained mutation: You may rarely emit foul miasma when
                  | damaged in melee. [demonic ancestry]
   251 | D:1      | Reached XP level 2. HP: 5/24 MP: 4/4
   492 | D:1      | Reached * piety under Lugonu
   641 | D:1      | Quit the game

Illustrated notes

Levels and vault maps discovered:
D:1:      matt_arrival_spirals, layout_loops_cross

Skill      XL: |  1  2 |
---------------+-------+-----
Dodging        | 1 |  1.2
Long Blades    | 2 |  2.0
Armour         | 2 |  2.0
Fighting       | |  3.1
Invocations    | |  2.7

Action                   || total
-------------------------++-------
Melee: Falchion          ||    21
Invok: Depart the Abyss  ||     1
Armor: Leather armour    ||     8
Dodge: Dodged            ||    17
       Rpst.: Falchion   ||     8

Table legend: (Time is in decaauts)
 A = Elapsed time spent in this place.
 B = Non-inter-level travel time spent in this place.
 C = Inter-level travel time spent in this place.
 D = Time resting spent in this place.
 E = Time spent auto-exploring this place.
 F = Levels seen in this place.
 G = Mean time per level.
                   A        B        C        D        E       F      G
               +--------+--------+--------+--------+--------+-----+--------+
         Total |    645 |    645 |      0 |    219 |    353 |   2 |  322.5 |
       Dungeon |    528 |    528 |      0 |    219 |    246 |   1 |  528.0 |
         Abyss |    117 |    117 |      0 |      0 |    107 |   1 |  117.0 |
               +--------+--------+--------+--------+--------+-----+--------+

Top non-repeatable levels by time:
     D:1: 528 daAuts
 Abyss:1: 117 daAuts
